Map: Thunderbird LE

Players

SandboX

  • Race: Zerg Zerg
  • League: Gold
  • Spawn Location: 5:00

LestweForget - Winner!

  • Race: Zerg Zerg
  • League: Platinum
  • Spawn Location: 11:00

VOD

Have the link to the VOD?

Description

Time

  • Played on: Aug. 11, 2019, 7:49 p.m.
  • Length: 9:47
Show
View Real Time Build Order
Export as new Build Order

SandboX Zerg 

Build Orders: Pool First, Zergling Baneling 

Get SALT Encoding   

  12  0:01  Drone  
  13  0:24  Spawning Pool  
  13  0:26  Extractor  
  11  0:30  Drone  
  12  0:36  Overlord  
  12  0:42  Drone  
  13  0:57  Drone x2  
  15  1:10  Drone  
  16  1:16  Queen  
  18  1:22  Drone  
  19  1:29  Metabolic Boost  
  19  1:33  Zergling x2  
  20  1:41  Drone  
  20  1:46  Overlord  
  21  2:03  Queen  
  23  2:18  Hatchery  
  22  2:25  Zergling x4  
  22  2:29  Zergling x2  
  25  2:43  Zergling x6  
  28  3:05  Overlord x2  
  28  3:07  Zergling x4  
  30  3:18  Baneling Nest  
  29  3:36  Zergling x8  
  33  3:51  Zergling x8  
  29  4:07  Zergling x8  
  32  4:13  Baneling x2  
  32  4:14  Baneling  
  32  4:15  Baneling x2  
  32  4:20  Drone  
  25  4:50  Zergling x16  
  33  4:56  Baneling  
  33  4:57  Baneling x3  
  33  4:58  Baneling  
  33  5:03  Drone  
  34  5:15  Baneling  
  34  5:16  Baneling x2  
  34  5:22  Drone x4  
  31  5:51  Zergling x16  
  38  6:11  Baneling x7  
  38  6:26  Zergling x16  
  38  6:28  Overlord  
  39  7:00  Zergling x18  
  48  7:03  Overlord x2  
  48  7:12  Zergling x4  
  37  7:43  Lair  
  37  7:51  Baneling  
  37  7:52  Baneling x13  
  37  7:56  Zergling x10  
  37  7:57  Zergling x6  
  44  8:20  Spore Crawler  
  42  8:39  Spore Crawler  
  37  8:45  Spore Crawler  
  17  8:56  Zergling x22  
Show
View Real Time Build Order
Export as new Build Order

LestweForget Zerg - Winner!

Build Orders: Pool First 

Get SALT Encoding   

  12  0:02  Drone  
  13  0:09  Drone  
  14  0:16  Extractor  
  14  0:17  Drone  
  14  0:25  Overlord  
  14  0:45  Drone, Spawning Pool  
  14  0:50  Drone  
  14  0:54  Drone  
  16  0:58  Drone  
  17  1:11  Overlord  
  17  1:31  Queen  
  19  1:34  Metabolic Boost  
  19  1:39  Drone  
  20  1:43  Zergling x4  
  22  1:55  Drone  
  23  2:11  Zergling x2  
  23  2:13  Zergling x2  
  23  2:14  Hatchery  
  24  2:19  Lair  
  25  2:22  Zergling x2  
  25  2:33  Drone  
  26  3:09  Drone, Extractor  
  26  3:13  Zergling x4  
  28  3:21  Hydralisk Den  
  27  3:40  Zergling x8  
  27  3:41  Zergling x2  
  27  4:10  Queen  
  27  4:11  Hydralisk x3  
  27  4:16  Drone  
  36  4:27  Overlord  
  36  4:43  Zergling x2  
  36  4:44  Zergling x4  
  29  4:52  Zergling x6  
  31  4:58  Zergling x2  
  31  4:59  Zergling x6  
  35  5:07  Lurker Den  
  35  5:08  Drone  
  35  5:23  Hydralisk  
  35  5:28  Drone x2  
  29  5:57  Hydralisk x2  
  29  5:58  Hydralisk  
  35  6:32  Hydralisk  
  35  6:35  Lurker  
  35  6:36  Hydralisk  
  35  6:37  Hydralisk  
  42  6:48  Lurker  
  37  6:55  Zergling x2  
  37  6:56  Zergling x10  
  43  7:28  Zergling x4  
  43  7:50  Overlord x2  
  34  8:57  Zergling x12  
  34  8:58  Zergling x4  
  41  9:05  Lurker  
Tags
 
Add a new tag
Caveats
  • Supply blocks, unpowered buildings, or Contaminate may cause inaccurate times.
  • Supply counts are checked every 10 seconds.